 Dungeon Crawl Stone Soup version 0.27.1-3-gb3d3a73c9e (webtiles) character file.

Game seed: 11953549628111497678

37 H0rd4k the Charlatan (level 3, -3/26 HPs)
             Began as a Human Artificer on Oct 6, 2021.
             Slain by a kobold (5 damage)
             ... on level 1 of the Dungeon.
             The game lasted 00:01:25 (2111 turns).

H0rd4k the Charlatan (Human Artificer)              Turns: 2111, Time: 00:01:26

Health: -3/26      AC:  5    Str: 13    XL:     3   Next: 60%
Magic:  3/3        EV: 11    Int: 11    God:
Gold:   75         SH:  0    Dex: 13    Spells: 2/2 levels left

rFire    . . .     SeeInvis .   a - +0 club
rCold    . . .     Faith    .   (no shield)
rNeg     . . .     Spirit   .   b - +0 leather armour
rPois    .         Reflect  .   l - +0 helmet
rElec    .         Harm     .   k - +0 cloak
rCorr    .         Rampage  .   (no gloves)
Will     .....                  (no boots)
Stlth    +.........             (no amulet)
HPRegen  0.08/turn              (no ring)
MPRegen  0.08/turn              (no ring)

@: no status effects
A: no striking features
a: no special abilities


You were on level 1 of the Dungeon.
You visited 1 branch of the dungeon, and saw 2 of its levels.

You collected 75 gold pieces.

Inventory:

Hand Weapons
 a - a +0 club (weapon)
Armour
 b - a +0 leather armour (worn)
 j - a scarf of resistance
 k - a +0 cloak (worn)
 l - a +0 helmet (worn)
Wands
 c - a wand of flame (15) (quivered)
 d - a wand of charming (15)
Scrolls
 f - 4 scrolls of teleportation {unknown}
 g - a scroll of identify {unknown}
 i - a scroll of vulnerability {unknown}
Potions
 h - 2 potions of invisibility {unknown}
Miscellaneous
 e - a piece from Xom's chessboard (15/15)


   Skills:
 + Level 1.3 Fighting
 + Level 2.6 Armour
 + Level 1.3 Dodging
 + Level 1.1 Stealth
 + Level 3.6 Evocations


You had 2 spell levels left.
You didn't know any spells.
Your spell library was empty.

Dungeon Overview and Level Annotations

Branches:
Dungeon (2/15)

Altars:
Wu Jian


Message History

An orc is nearby!
An orc is nearby!
An orc is nearby!
A kobold comes into view. It is wielding a +0 short sword.
Found 22 sling bullets.
You hit the orc but do no damage. The orc hits you with a +0 short sword.
You barely miss the orc. The orc hits you with a +0 short sword.
The orc completely misses you.
You barely miss the orc. The orc barely misses you.
A rat comes into view.
There is a stone staircase leading up here.
The orc barely misses you.
The kobold hits you with a +0 short sword.
You climb upwards.
There is a stone staircase leading down here.
You hit the orc.
The orc is lightly wounded.
The orc barely misses you. The kobold barely misses you.
You hit the orc.
The orc is moderately wounded.
The orc hits you but does no damage. The kobold hits you but does no damage.
The orc barely misses you.
You barely miss the orc.
The orc is moderately wounded.
The kobold barely misses you. The orc closely misses you.
The kobold hits you with a +0 short sword.
You barely miss the orc.
The orc is moderately wounded.
The orc hits you with a +0 short sword.
The kobold hits you with a +0 short sword.
You hit the orc but do no damage.
The orc is moderately wounded.
The orc hits you with a +0 short sword.
* * * LOW HITPOINT WARNING * * *
The kobold barely misses you. The orc hits you with a +0 short sword.
* * * LOW HITPOINT WARNING * * *
You hit the orc but do no damage.
The orc is moderately wounded.
The kobold hits you with a +0 short sword.
You die...

..# #########.# ..#
#.....##..######### ###
#.................#
#.(......#######.##
##.....#.## ##..#
#......#.# #..##
#####......#.# ##.##
..##..#####..#####..###
...............K@o....#
....######.###.###.####
>...#####..###.# #.#
#...##....#....# #.#
.......##...#### #.#
...........#######.#
.............)...#.####
..........####........##
..........###..........##


You could see an orc and a kobold.

Vanquished Creatures
  4 dart slugs (D:1)
  A bat (D:1)
  4 endoplasms
  3 hobgoblins
  A kobold (D:1)
  3 quokkas (D:1)
  5 ball pythons (D:1)
  2 goblins (D:1)
  3 rats (D:1)
26 creatures vanquished.

Notes
Turn   | Place    | Note
-------+----------+-------------------------------------------
     0 | D:1      | H0rd4k the Human Artificer began the quest for the Orb.
     0 | D:1      | Reached XP level 1. HP: 15/15 MP: 1/1
   307 | D:1      | Reached XP level 2. HP: 10/21 MP: 2/2
   816 | D:1      | Found a faded altar of an unknown god.
  1182 | D:1      | Reached XP level 3. HP: 9/26 MP: 3/3
  2040 | D:2      | Found an ornate altar of the Wu Jian Council.
  2111 | D:1      | Slain by a kobold

Illustrated notes

Levels and vault maps discovered:
D:1:      lordsloth_arrival_two_stooges, layout_rooms,
          shapermc_ecumenical_altar_mp_urbaneastern, serial_bayou_pond_a
D:2:      wad_crossroads, layout_basic, basic_altar, kennysheep_generic_room_8

Action                   || total
-------------------------++-------
Melee: Club              ||   127
 Stab: Sleeping          ||     2
Armor: Leather armour    ||    37
Dodge: Dodged            ||    78
